 Dungeon Crawl Stone Soup version 0.28-a0-872-g80cf8599ee (webtiles) character file.

Game seed: 8304347758018841967

65 orbtoucher the Sneak (level 3, 0/17 HPs)
             Began as a Spriggan Enchanter on Nov 21, 2021.
             Slain by a centaur (5 damage)
             ... on level 3 of the Dungeon.
             The game lasted 00:08:09 (2700 turns).

orbtoucher the Sneak (Spriggan Enchanter)           Turns: 2700, Time: 00:08:10

Health: 0/17       AC:  3    Str:  5    XL:     3   Next: 94%
Magic:  6/8        EV: 17    Int: 16    God:
Gold:   108        SH:  0    Dex: 15    Spells: 0/8 levels left

rFire   . . .      SeeInvis +   a - +1 dagger
rCold   . . .      Faith    .   (shield restricted)
rNeg    . . .      Spirit   .   b - +0 robe
rPois   .          Reflect  .   q - +1 hat
rElec   .          Harm     .   (no cloak)
rCorr   .          Rampage  .   (gloves unavailable)
Will    .....                   (boots unavailable)
Stlth   +++.......              (no amulet)
HPRegen 0.05/turn               (no ring)
MPRegen 0.11/turn               (no ring)

@: very quick
A: very small, no large weapons, unfitting armour, see invisible, speed 3
a: no special abilities


You were on level 3 of the Dungeon.
You visited 1 branch of the dungeon, and saw 3 of its levels.

You collected 108 gold pieces.

Inventory:

Hand Weapons
 a - a +1 dagger (weapon)
Missiles
 e - 45 stones (quivered)
 r - 10 poisoned darts
Armour
 b - a +0 robe (worn)
 q - a +1 hat (worn)
Scrolls
 d - 2 scrolls of teleportation {unknown}
 f - a scroll of vulnerability {unknown}
 g - a scroll of enchant armour {unknown}
 h - a scroll of noise {unknown}
 i - a scroll of enchant weapon {unknown}
 m - a scroll of blinking {unknown}
 p - 2 scrolls of identify {unknown}
Potions
 c - a potion of invisibility
 j - a potion of brilliance {unknown}
 k - a potion of cancellation {unknown}
 l - 2 potions of might {unknown}
 n - a potion of attraction {unknown}
 o - a potion of resistance {unknown}


   Skills:
 + Level 0.7 Fighting
 * Level 2.2 Short Blades
 + Level 3.2 Dodging
 + Level 4.8 Stealth
 + Level 3.1 Spellcasting
 * Level 4.3 Hexes


You couldn't memorise any spells.
You knew the following spells:

 Your Spells              Type           Power      Damage    Failure   Level
e - Ensorcelled Hibernat  Hex/Ice        18%        N/A       12%         2
q - Tukima's Dance        Hex            16%        N/A       10%         3
t - Confusing Touch       Hex            16%        N/A       10%         3

Your spell library contained the following spells:

 Spells                   Type           Power      Damage    Failure   Level
 Sandblast                Erth           4%         2d4       19%         1
 Dazzling Flash           Conj/Hex       18%        N/A       22%         3
 Passwall                 Tmut/Erth      1%         N/A       28%         2
 Stone Arrow              Conj/Erth      4%         3d7       50%         3


Dungeon Overview and Level Annotations

Branches:
Dungeon (3/15)

Altars:
Wu Jian

Annotations:
D:3 Jessica


Innate Abilities, Weirdness & Mutations

You are very small and have problems with some larger weapons.
You are too small for most types of armour.
You have supernaturally acute eyesight. (SInv)
You cover ground extremely quickly. (Speed+++)


Message History

You start resting.
Magic restored.
You now have 108 gold pieces (gained 9).
There is an escape hatch in the ceiling here.
A mysterious force pulls you upwards. The hatch slams shut behind you.
There is an escape hatch in the ceiling here.
There is a stone staircase leading down here.
You see here 19 arrows.
There is a stone staircase leading down here.
You climb downwards.
Level annotation: Jessica
Found a stone staircase leading down.
There is a stone staircase leading up here.
A centaur comes into view.
The helpless frilled lizard fails to defend itself.
You impale the frilled lizard!!
You kill the frilled lizard!
The helpless centaur fails to defend itself.
You impale the centaur!!
The centaur is almost dead.
The centaur completely misses you. x2
You hit the centaur.
The centaur is almost dead.
The centaur closely misses you. The centaur kicks you.
Casting: Ensorcelled Hibernation (safe; 12% risk of failure)
Confirm with . or Enter, or press ? or * to list all spells.
Aiming: Ensorcelled Hibernation (safe; 12% risk of failure)
Press: ? - help, Shift-Dir - straight line, f - centaur
Aim: a centaur, quivering arrows (almost dead, chance to affect: 40%)
The centaur resists with some effort.
The centaur hits you. The centaur kicks you. The centaur barely misses you.
The centaur completely misses you.
You hit the centaur but do no damage.
The centaur is almost dead.
The centaur hits you. The centaur kicks you.
* * * LOW HITPOINT WARNING * * *
You hit the centaur.
The centaur is almost dead.
The centaur hits you.
You die...

#...#.......
##...#.....
#######....#...# #
#......<...#...#.###
##.##.#.............
#....#......†......
##..#.>...........
#...........#.###
#.@#.######.# ..
#c.#... .# ..
#..#.### .. ##.#..
## #.#.# #.#.# #.#..
#.#


You could see a centaur.

Vanquished Creatures
  3 adders
  2 worms (D:2)
  An orc (D:3)
  6 endoplasms (D:2)
  A giant cockroach (D:2)
  2 goblins (D:2)
  A hobgoblin (D:2)
  4 kobolds
  A quokka (D:2)
  3 ball pythons
  2 bats (D:2)
  2 frilled lizards
  2 rats (D:2)
30 creatures vanquished.

Notes
Turn   | Place    | Note
-------+----------+-------------------------------------------
     0 | D:1      | orbtoucher the Spriggan Enchanter began the quest for the
                  | Orb.
     0 | D:1      | Reached XP level 1. HP: 9/9 MP: 5/5
  1061 | D:2      | Found an ornate altar of the Wu Jian Council.
  1070 | D:2      | Reached XP level 2. HP: 12/13 MP: 6/6
  1074 | D:2      | Learned a level 2 spell: Ensorcelled Hibernation
  1523 | D:1      | Reached XP level 3. HP: 10/17 MP: 5/8
  2247 | D:2      | Learned a level 3 spell: Confusing Touch
  2251 | D:2      | Learned a level 3 spell: Tukima's Dance
  2435 | D:2      | Found a faded altar of an unknown god.
  2561 | D:3      | Noticed Jessica
  2682 | D:3      | Noticed a centaur
  2700 | D:3      | Slain by a centaur

Illustrated notes

Levels and vault maps discovered:
D:1:      evilmike_arrival_plus, layout_basic
D:2:      layout_loops_ring, basic_altar, shapermc_ecumenical_altar_mp_vishouse
D:3:      layout_basic, gammafunk_ghost_necromancy, serial_shops, shop,
          minmay_misc_feat_cross, uniq_jessica

Skill      XL: |  1  2  3 |
---------------+----------+-----
Hexes          | 4 |  4.3
Short Blades   | 2 |  2.2
Dodging        | 3 |  3.2
Spellcasting   | 3 |  3.1
Fighting       | |  0.7
Stealth        | |  4.8

Action                   || total
-------------------------++-------
Melee: Dagger            ||    67
 Cast: Ensorcelled Hiber ||    22
 Stab: Sleeping          ||    20
Armor: Robe              ||     3
Dodge: Dodged            ||    50

Table legend: (Time is in decaauts)
 A = Elapsed time spent in this place.
 B = Non-inter-level travel time spent in this place.
 C = Inter-level travel time spent in this place.
 D = Time resting spent in this place.
 E = Time spent auto-exploring this place.
 F = Levels seen in this place.
 G = Mean time per level.
                   A        B        C        D        E       F      G
               +--------+--------+--------+--------+--------+-----+--------+
         Total |   2080 |   1947 |    133 |    954 |    559 |   3 |  693.3 |
       Dungeon |   2080 |   1947 |    133 |    954 |    559 |   3 |  693.3 |
               +--------+--------+--------+--------+--------+-----+--------+

Top non-repeatable levels by time:
     D:2: 1173 daAuts
     D:1: 831 daAuts
     D:3: 75 daAuts
